 Dungeon Crawl Stone Soup version 0.23-a0-207-g93a313e (webtiles) character file.

20 galech the Skirmisher (level 2, -2/24 HPs)
             Began as a Demonspawn Fighter on Sept 24, 2018.
             Slain by a sky beast (5 damage)
             ... on level 1 of the Dungeon.
             The game lasted 00:00:52 (711 turns).

galech the Skirmisher (Demonspawn Fighter)           Turns: 711, Time: 00:00:53

Health: -2/24      AC:  7    Str: 16    XL:     2   Next: 58%
Magic:  2/2        EV:  6    Int:  9    God:
Gold:   113        SH:  8    Dex: 12    Spells: 1/1 levels left

rFire    . . .     SeeInvis .   a - +0 war axe
rCold    . . .     Gourm    .   c - +0 shield
rNeg     . . .     Faith    .   b - +0 scale mail
rPois    .         Spirit   .   (no helmet)
rElec    .         Reflect  .   (no cloak)
rCorr    .         Harm     .   k - +0 pair of gloves
MR       .....                  (no boots)
Stlth    ..........             (no amulet)
HPRegen  0.08/turn              (no ring)
MPRegen  0.08/turn              (no ring)

@: no status effects
A: powered by pain 1
a: no special abilities


You were on level 1 of the Dungeon.
You were not hungry.

You visited 1 branch of the dungeon, and saw 2 of its levels.

You collected 113 gold pieces.

Inventory:

Hand Weapons
 a - a +0 war axe (weapon)
Armour
 b - a +0 scale mail (worn)
 c - a +0 shield (worn)
 k - a +0 pair of gloves (worn)
Scrolls
 i - 2 scrolls of identify {unknown}
 j - a scroll of fear {unknown}
 m - a scroll of teleportation {unknown}
Potions
 d - a potion of might
 e - 3 potions of flight {unknown}
 h - a potion of heal wounds {unknown}
 l - a potion of ambrosia {unknown}
Comestibles
 f - 4 rations
 g - a chunk of flesh


   Skills:
 + Level 3.1 Fighting
 + Level 2.1 Axes
 + Level 3.0 Armour
 + Level 2.9 Shields


You had one spell level left.
You didn't know any spells.
Your spell library was empty.

Dungeon Overview and Level Annotations

Branches:
Dungeon (2/15)

Altars:


Innate Abilities, Weirdness & Mutations

You sometimes gain a little power by taking damage.


Message History

The sky beast completely misses you.
There is a stone staircase leading up here.
The leopard gecko hisses menacingly.
You block the leopard gecko's attack.
The sky beast hits you but does no damage.
You climb upwards.
There is a stone staircase leading down here.
You block the leopard gecko's attack. The sky beast hits you.
The sky beast shocks you. The leopard gecko closely misses you.
The sky beast flickers out of sight!
Deactivating autopickup; reactivate with Ctrl-A.
You barely miss something. Something hits you. Something shocks you.
* * * LOW HITPOINT WARNING * * *
Something hits you but does no damage.
You miss something. Something hits you but does no damage.
You miss something.
Something hits you but does no damage. x2
You barely miss something. Something hits you.
* * * LOW HITPOINT WARNING * * *
Something shocks you.
You die...

###.#
#......#........######...##
###.#
#......#...##.#.#..........
.##.#
#......#...##..............
.##.#
#.....##...####.#..........
.##.#
#...............######...##
.(..# #######...#######
#..... )#### #.###.### #...##
.# #.# #...# #....# .#
##.###@#.# #..... .#
#######...l{##.# ##### #....#
.#
#.........####.###...######.#
.####.#####..>.....##.....##
#.# ......#
##########.......####.#
####### #.............
##......(......
#........####..
#.##...#.####..


You could see a leopard gecko.

Vanquished Creatures
  2 bats (D:1)
  2 giant cockroaches (D:1)
  4 goblins (D:1)
  A hobgoblin (D:1)
  3 jackals (D:1)
  A kobold (D:1)
  A frilled lizard (D:1)
  3 rats (D:1)
17 creatures vanquished.

Notes
Turn   | Place    | Note
-------+----------+-------------------------------------------
     0 | D:1      | galech the Demonspawn Fighter began the quest for the Orb.
     0 | D:1      | Reached XP level 1. HP: 18/18 MP: 1/1
   107 | D:1      | Gained mutation: You sometimes gain a little power by
                  | taking damage. [demonic ancestry]
   107 | D:1      | Reached XP level 2. HP: 24/24 MP: 2/2
   694 | D:2      | Noticed a sky beast
   711 | D:1      | Slain by a sky beast

Vault maps used:
D:1:      dpeg_arrival_fog, hex_tiny
D:2:      first_ration, uniq_sigmund

Skill      XL: |  1  2 |
---------------+-------+-----
Axes           | 2 |  2.1
Armour         | 3 |  3.0
Fighting       | |  3.1
Shields        | |  2.9

Action                   || total
-------------------------++-------
Melee: War axe           ||    64
Armor: Scale mail        ||    37
Dodge: Dodged            ||    12
Block: Shield            ||    36

Table legend:
 A = Non-vault XP
 B = Vault XP
 C = Vault XP percentage of total XP
 D = Non-vault monster count
 E = Vault monster count
 F = Vault count percentage of total count
                 A         B        C        D         E       F
            +---------+---------+-------+---------+---------+-------
      Total |      29 |       0 |   0.0 |      17 |       0 |   0.0
            +---------+---------+-------+---------+---------+-------
        D:1 |      29 |       0 |   0.0 |      17 |       0 |   0.0
            +---------+---------+-------+---------+---------+-------
